 Dungeon Crawl Stone Soup version 0.15.2 (webtiles) character file.

3932 RottenBandages the Martial Artist (level 10, 0/79 HPs)
             Began as a Mummy Monk on Oct 28, 2015.
             Slain by an orc warrior
             ... wielding a +0 mace
              (12 damage)
             ... on Level 9 of the Dungeon.
             The game lasted 00:15:00 (11507 turns).

RottenBandages the Martial Artist (Mummy Monk)     Turns: 11507, Time: 00:15:00

HP   0/79        AC 10     Str 14      XL: 10   Next:  1%
MP  10/10        EV 12     Int  9      God:
Gold 561         SH  0     Dex 17      Spells:  0 memorised,  9 levels left

rFire  . . .     SeeInvis .       - Unarmed
rCold  + . .     Clarity  .     A - +2 ring mail {rC+}
rNeg   + + +     rCorr    .     (no shield)
rPois  +         rRot     +     B - +1 hat
rElec  .         Spirit   .     h - +0 cloak
SustAb .         Warding  .     r - +0 pair of gloves
rMut   .         Stasis   .     (no boots)
Gourm  .                        (no amulet)
MR     +....                    (no ring)
                                e - ring of fire

@: somewhat resistant to hostile enchantments, very unstealthy
A: no food or potions, fire vulnerability, restore body, cold resistance 1,
negative energy resistance 3, poison resistance, torment resistance, unbreathing
a: no special abilities


You were on level 9 of the Dungeon.
You were not hungry.

You visited 1 branch of the dungeon, and saw 10 of its levels.

You collected 561 gold pieces.


Innate Abilities, Weirdness & Mutations

You do not eat or drink.
Your flesh is vulnerable to fire.
Your flesh is cold resistant.
You are immune to negative energy.
Your system is resistant to poisons.
You are immune to unholy pain and torment.
You can survive without breathing.


   Skills:
 - Level 7.2 Fighting
 - Level 6.1 Dodging
 - Level 1.5 Stealth
 + Level 9.8 Unarmed Combat


You had 9 spell levels left.
You didn't know any spells.

Inventory:

Missiles
 c - 40 poisoned needles
Armour
 h - a +0 cloak (worn)
 q - a +2 leather armour of poison resistance
 r - a +0 pair of gloves (worn)
 A - a +2 ring mail of cold resistance (worn)
 B - a +1 hat (worn)
Magical devices
 k - a wand of confusion (14) {unknown}
 n - a wand of cold (5)
 u - a wand of digging (14) {unknown}
 w - a wand of slowing (14) {unknown}
 x - a wand of confusion (12) {unknown}
Scrolls
 a - a scroll of recharging {unknown}
 b - 5 scrolls of magic mapping
 d - 5 scrolls of teleportation {unknown}
 f - 6 scrolls of identify {unknown}
 g - a scroll of enchant weapon {unknown}
 j - a scroll of remove curse
 l - 2 scrolls of enchant armour {unknown}
 m - 5 scrolls of random uselessness {unknown}
 o - a scroll of immolation {unknown}
 p - a scroll of silence {unknown}
 s - 2 scrolls of blinking {unknown}
 v - a scroll of brand weapon {unknown}
Jewellery
 e - a ring of fire (left hand)
 i - an uncursed ring of sustain abilities
 t - an uncursed ring of teleport control {FUCK YOU}
Books
 y - a book of Transfigurations

Dungeon Overview and Level Annotations

Branches:
Dungeon (10/15)            Temple (0/1) D:7
    Orc: D:9-12        Lair: D:8-11

Altars:
Dithmenos
Elyvilon
Nemelex Xobeh
Qazlal
Sif Muna

.................................
.....................≈≈≈.........
.....................≈≈≈.........
.....................≈≈≈.........
.................................
.................................
.................................
.................................
...............oM................
#..........5.....!...............
........[........................
##..............#................
#...............#P...#...........
#..#.###...P..###..##............
###.###.......##.##.#....##......
##.##.....#.###.###.#..#.......
#...#..###.#..##>.###..#.....#.


You could see an orc warrior and a shadow imp.


Message History

You climb upwards.
There is a stone staircase leading down here.
An active ballistomycete comes into view.
The orc warrior barely misses you.
You punch the active ballistomycete!
The active ballistomycete is moderately damaged.
The orc warrior hits you but does no damage.
You hit the active ballistomycete.
The active ballistomycete is heavily damaged.
The orc warrior barely misses you.
You hit the active ballistomycete.
The active ballistomycete is almost destroyed.
You completely miss the active ballistomycete.
The active ballistomycete is almost destroyed.
The orc warrior hits you with a mace!
* * * LOW HITPOINT WARNING * * *
You hit the active ballistomycete.
You destroy the active ballistomycete!
The orc warrior hits you with a mace.
* * * LOW HITPOINT WARNING * * *
You are too injured to fight recklessly!
You are too injured to fight recklessly!
You are too injured to fight recklessly!
The orc warrior barely misses you.
A shadow imp comes into view.
The shadow imp shouts, "Take thy face hence, thou rough-hewn hasty-witted ratsbane!"
The orc warrior hits you with a mace!
* * * LOW HITPOINT WARNING * * *
The orc warrior hits you with a mace!
You die...

Action                   |  1- 3 |  4- 6 |  7- 9 | 10-12 || total
-------------------------+-------+-------+-------+-------++-------
Melee: Unarmed           |   194 |   262 |   637 |    37 ||  1130
Evoke: Wand              |       |     1 |     2 |       ||     3
  Use: Scroll            |       |     2 |     1 |       ||     3
 Stab: Sleeping          |       |     6 |     2 |       ||     8
       Distracted        |       |     1 |       |       ||     1

Vault maps used:
D:1:      scummos_arrival_checkerplants
D:2:      uniq_iyjb
D:3:      kennysheep_six_static_rooms, first_bread, uniq_terence
D:4:      elyvilon_altar_4, kennysheep_generic_room_5
D:5:      gammafunk_temple_overflow_pools, hangedman_decor_growths
D:6:      uniq_natasha
D:7:      grunt_temple_overflow_open, temple_green
D:8:      uniq_blork_the_orc
D:10:     minmay_orc_entry_temple_small, trove_entry_hex_spiral

Notes
Turn   | Place    | Note
--------------------------------------------------------------
     0 | D:1      | RottenBandages, the Mummy Monk, began the quest for the Orb.
     0 | D:1      | Reached XP level 1. HP: 18/18 MP: 1/1
   158 | D:1      | Reached XP level 2. HP: 5/24 MP: 2/2
   181 | D:1      | HP: 2/24 [jackal (1)]
   680 | D:1      | Reached skill level 4 in Unarmed Combat
  1125 | D:2      | Reached XP level 3. HP: 20/29 MP: 3/3
  1973 | D:2      | Noticed Ijyb
  1995 | D:2      | Killed Ijyb
  1995 | D:2      | Reached XP level 4. HP: 30/35 MP: 4/4
  2252 | D:3      | Reached skill level 5 in Unarmed Combat
  2697 | D:3      | Reached XP level 5. HP: 41/41 MP: 5/5
  3192 | D:3      | Noticed Terence
  3210 | D:3      | Killed Terence
  3663 | D:4      | Found a white marble altar of Elyvilon.
  3667 | D:4      | Reached skill level 6 in Unarmed Combat
  4041 | D:5      | Entered Level 5 of the Dungeon
  4050 | D:5      | Reached XP level 6. HP: 44/47 MP: 6/6
  4274 | D:5      | Noticed a centaur
  4302 | D:5      | Killed a centaur
  4536 | D:5      | Noticed a centaur
  4543 | D:5      | Killed a centaur
  4543 | D:5      | Reached skill level 7 in Unarmed Combat
  4543 | D:5      | Reached XP level 7. HP: 38/52 MP: 7/7
  4654 | D:5      | Found a stormy altar of Qazlal.
  4687 | D:5      | Noticed a sky beast
  4698 | D:5      | Killed a sky beast
  4792 | D:5      | Noticed a phantom
  4807 | D:5      | Killed a phantom
  4870 | D:5      | Found a deep blue altar of Sif Muna.
  5060 | D:6      | Reached skill level 8 in Unarmed Combat
  5147 | D:6      | Noticed Natasha
  5159 | D:6      | Killed Natasha
  5280 | D:6      | Reached skill level 3 in Dodging
  5588 | D:6      | Reached XP level 8. HP: 33/58 MP: 8/8
  5666 | D:6      | Reached skill level 4 in Dodging
  5806 | D:6      | Noticed Natasha
  5814 | D:6      | Killed Natasha
  6711 | D:7      | Found a staircase to the Ecumenical Temple.
  6862 | D:7      | Reached skill level 5 in Dodging
  7307 | D:7      | Reached skill level 6 in Dodging
  7545 | D:7      | Found a sparkling altar of Nemelex Xobeh.
  7548 | D:7      | Found a shadowy altar of Dithmenos.
  7769 | D:7      | Reached skill level 4 in Fighting
  8091 | D:8      | Noticed Blork the orc
  8104 | D:8      | Killed Blork the orc
  8222 | D:8      | Reached skill level 5 in Fighting
  8222 | D:8      | Reached XP level 9. HP: 62/68 MP: 9/9
  8318 | D:8      | Reached skill level 6 in Fighting
  9007 | D:9      | Reached skill level 7 in Fighting
  9657 | D:9      | Reached skill level 9 in Unarmed Combat
  9833 | D:10     | Entered Level 10 of the Dungeon
 11011 | D:10     | Reached XP level 10. HP: 32/79 MP: 10/10
 11507 | D:9      | Slain by an orc warrior

Vanquished Creatures
  A hydra skeleton (D:9)
  A wyvern (D:8)
  2 hippogriffs
  An orc warrior (D:7)
  2 necrophages
  An ice beast (D:8)
  3 sky beasts
  4 ogres
  7 centaurs
  2 phantoms
  3 giant frogs
  Blork the orc (D:8)
  2 scorpions
  3 wights
  A yak skeleton (D:8)
  2 crimson imps
  A centaur skeleton (D:10)
  A quasit (D:8)
  4 jellies
  3 orc priests
  2 iguanas
  5 worker ants
  Natasha (twice) (D:6)
  7 orc wizards
  An ogre zombie (D:10)
  Ijyb (D:2)
  A hound skeleton (D:5)
  Terence (D:3)
  4 gnolls (D:6)
  8 adders
  An inept item mimic (D:5)
  4 shadow imps
  5 worms
  An adder zombie (D:8)
  5 giant geckos
  An ooze (D:4)
  23 orcs
  A ball python (D:2)
  A bat zombie (D:5)
  6 giant cockroaches
  17 hobgoblins
  9 jackals
  8 quokkas
  11 bats
  3 giant newts
  12 goblins
  15 kobolds
  A kobold zombie (D:7)
  13 rats
  5 ballistomycetes
219 creatures vanquished.

Vanquished Creatures (others)
  3 giant spores
3 creatures vanquished.

Grand Total: 222 creatures vanquished
